 Seeded DCSS version 0.29.1-1-gd02db6906a (webtiles) character file.

Game seed: 2387645567842811425 (custom seed)

9 lonewolfV2 the Trooper (level 2, -1/19 HPs)
             Began as a Gargoyle Fighter on Oct 18, 2022.
             Slain by a jackal (2 damage)
             ... on level 1 of the Dungeon.
             The game lasted 00:00:11 (342 turns).

lonewolfV2 the Trooper (Gargoyle Fighter)            Turns: 342, Time: 00:00:12

Health: -1/19      AC:  9    Str: 19    XL:     2   Next: 16%
Magic:  2/2        EV:  9    Int:  8    God:
Gold:   14         SH:  4    Dex:  9    Spells: 1/1 levels left

rFire   . . .      SeeInvis .   a - +0 flail
rCold   . . .      Faith    .   c - +0 buckler
rNeg    + . .      Spirit   .   b - +0 scale mail
rPois   ∞          Reflect  .   (no helmet)
rElec   +          Harm     .   (no cloak)
rCorr   .          Rampage  .   (no gloves)
Will    .....                   (no boots)
Stlth   ..........              (no amulet)
HPRegen 0.06/turn               (no ring)
MPRegen 0.08/turn               (no ring)

@: no status effects
A: sickness immunity, AC +2, negative energy resistance 1, electricity
resistance, torment resistance 1, petrification resistance
a: no special abilities


You were on level 1 of the Dungeon.
You visited 1 branch of the dungeon, and saw 1 of its levels.

You collected 14 gold pieces.

Inventory:

Hand Weapons
 a - a +0 flail (weapon)
Armour
 b - a +0 scale mail (worn)
 c - a +0 buckler (worn)
Scrolls
 e - a scroll of noise {unknown}
Potions
 d - a potion of might


   Skills:
 + Level 3.4 Fighting
 + Level 2.2 Maces & Flails
 + Level 3.4 Armour
 + Level 3.4 Shields


You had one spell level left.
You didn't know any spells.
Your spell library was empty.

Dungeon Overview and Level Annotations

Branches:
Dungeon (1/15)

Altars:


Innate Abilities, Weirdness & Mutations

You are immune to sickness and miasma.
Your stone body is resilient. (AC +2)
You are immune to poison.
You resist negative energy. (rN+)
You are resistant to electric shocks. (rElec)
You are resistant to unholy torment.
You are immune to petrification.


Message History

The ball python bites you.
* * * LOW HITPOINT WARNING * * *
The ball python constricts you. The jackal bites you.
* * * LOW HITPOINT WARNING * * *
The goblin hits you but does no damage.
You miss the goblin.
The ball python bites you but does no damage.
The ball python constricts you.
The jackal bites you but does no damage.
The goblin hits you but does no damage.
The ball python bites you but does no damage.
The ball python constricts you. The jackal barely misses you.
You sock the goblin!
You kill the goblin!
The jackal barely misses you. You block the ball python's attack.
The ball python constricts you.
* * * LOW HITPOINT WARNING * * *
You block the jackal's attack.
You escape the ball python's grasp.
The jackal attacks as you move away! The jackal barely misses you.
The ball python closely misses you. The ball python grabs you.
The ball python constricts you.
Things that are here:
a +0 club; a goblin corpse You hit the ball python.
You kill the ball python!
The jackal closely misses you.
The jackal bites you but does no damage.
The jackal bites you but does no damage.
The jackal barely misses you.
The jackal bites you but does no damage.
Things that are here:
a +0 club; a goblin corpse You closely miss the jackal.
The jackal misses you.
You closely miss the jackal. The jackal bites you.
* * * LOW HITPOINT WARNING * * *
You block the jackal's attack.
You barely miss the jackal.
The jackal bites you but does no damage.
The jackal bites you.
You die...

.....#..# ........#
#......... .....#..#
#......... .....#..#
#......... ##.###..#
##........ .......[#
#.......# ........#
##.......# #########
##........#
#############...@.....#
................h.....#
..#.##..#.##.##.......#
..#.##..#.##.##!......#
....##..#.##.##.).....#
..#.##..#.##.##.......#
#.#.##.>......#.......#
#.#.......###.#.......#
..###.....# .#.......#


You could see a jackal.

Vanquished Creatures
  A ball python (D:1)
  2 endoplasms (D:1)
  A goblin (D:1)
  A hobgoblin (D:1)
  2 jackals (D:1)
7 creatures vanquished.

Notes
Turn   | Place    | Note
-------+----------+-------------------------------------------
     0 | D:1      | lonewolfV2 the Gargoyle Fighter began the quest for the
                  | Orb.
     0 | D:1      | Reached XP level 1. HP: 14/14 MP: 1/1
   332 | D:1      | Reached XP level 2. HP: 15/19 MP: 2/2
   342 | D:1      | Slain by a jackal

Illustrated notes

Levels and vault maps discovered:
D:1:      lemuel_arrival_room, layout_basic, ebering_ecumenical_altar_box

Action                   || total
-------------------------++-------
Melee: Flail             ||    16
Armor: Scale mail        ||    15
Dodge: Dodged            ||    13
Block: Buckler           ||     6
